 Dungeon Crawl Stone Soup version 0.29.1-15-g9cfb28693d (webtiles) character file.

Game seed: 1003118538936911331

53 redmage the Digger (level 4, -1/33 HPs)
             Began as a Meteoran Earth Elementalist on Sept 14, 2023.
             Slain by an orc
             ... wielding a +0 hand axe
              (4 damage)
             ... on level 3 of the Dungeon.
             The game lasted 00:05:40 (384 turns).

redmage the Digger (Meteoran Earth Elementalist)     Turns: 384, Time: 00:05:40

Health: -1/33      AC:  2    Str:  9    XL:     4   Next: 32%
Magic:  2/10       EV: 12    Int: 19    God:
Gold:   66         SH:  0    Dex: 14    Spells: 3/9 levels left

rFire   + + .      SeeInvis .   h - staff of fire
rCold   + . .      Faith    .   (no shield)
rNeg    . . .      Spirit   .   a - +0 robe
rPois   .          Reflect  .   (no helmet)
rElec   .          Harm     .   j - scarf {rC+ rF+}
rCorr   .          Rampage  .   (no gloves)
Will    .....                   (no boots)
Stlth   +.........              (no amulet)
HPRegen 0.11/turn               (no ring)
MPRegen 0.12/turn               (no ring)

@: glowing
A: sense surroundings 1, otherworldly, glowing, explore regen
a: no special abilities


You were on level 3 of the Dungeon.
You visited 1 branch of the dungeon, and saw 4 of its levels.

You collected 66 gold pieces.

Inventory:

Armour
 a - a +0 robe (worn)
 j - a scarf of resistance (worn)
Magical Staves
 h - a staff of fire (weapon)
Scrolls
 c - a scroll of enchant weapon {unknown}
 d - 2 scrolls of identify {unknown}
 e - a scroll of poison {unknown}
 f - a scroll of noise {unknown}
Potions
 b - a potion of magic
 g - a potion of heal wounds {unknown}
 i - a potion of curing
 k - a potion of degeneration {unknown}


   Skills:
 - Level 2.7 Dodging
 - Level 1.6 Stealth
 + Level 3.4 Spellcasting
 + Level 1.4 Conjurations
 - Level 1.7 Transmutations
 + Level 4.2 Earth Magic


You had 3 spell levels left.
You knew the following spells:

 Your Spells              Type           Power      Damage    Failure   Level
a - Sandblast             Erth           38%        2d10      2%          1
b - Passwall              Tmut/Erth      11%        N/A       6%          2
c - Stone Arrow           Conj/Erth      28%        3d8       14%         3

Your spell library contained the following spells:

 Spells                   Type           Power      Damage    Failure   Level
 Petrify                  Tmut/Erth      14%        N/A       38%         4


Dungeon Overview and Level Annotations

Branches:
Dungeon (4/15) Zot: 1995
 Temple: D:4-7

Altars:
Elyvilon
Gozag

Shops:
D:4 =


Innate Abilities, Weirdness & Mutations

You passively map a small area around you.
You are easily found by Zot.
You glow in the dark.
You regain HP and MP as you explore.


Message History

Aiming: Sandblast (safe; 2% risk of failure)
Press: ? - help, Shift-Dir - straight line, f/p - orc
Aim: an orc, wielding a +0 flail (82% to hit)
The blast of sand hits the orc!
You kill the orc!
The orc barely misses you. The orc hits you with a +0 club.
* * * LOW HITPOINT WARNING * * *
You feel better. The orc misses you. The orc hits you with a +0 club.
Casting: Sandblast (safe; 2% risk of failure)
Confirm with . or Enter, or press ? or * to list all spells.
Aiming: Sandblast (safe; 2% risk of failure)
Press: ? - help, Shift-Dir - straight line, f - orc
Aim: an orc, wielding a +0 club, wearing a +0 ring mail and quivering stones (84% to hit)
Okay, then.
Casting: Sandblast (safe; 2% risk of failure)
Confirm with . or Enter, or press ? or * to list all spells.
Aiming: Sandblast (safe; 2% risk of failure)
Press: ? - help, Shift-Dir - straight line, f - orc
Aim: an orc, wielding a +0 hand axe and wearing a +0 scale mail (84% to hit)
Okay, then.
Casting: Sandblast (safe; 2% risk of failure)
Confirm with . or Enter, or press ? or * to list all spells.
The spell is quite dangerous to miscast (14% risk of failure)!
Continue anyway?
Aiming: Stone Arrow (quite dangerous; 14% risk of failure)
Press: ? - help, Shift-Dir - straight line, f - orc
Aim: an orc, wielding a +0 hand axe and wearing a +0 scale mail (72% to hit)
The stone arrow hits the orc.
The orc is severely wounded.
The orc hits you with a +0 hand axe.
* * * LOW HITPOINT WARNING * * *
The orc hits you with a +0 club.
* * * LOW HITPOINT WARNING * * *
Casting: Stone Arrow (quite dangerous; 14% risk of failure)
Confirm with . or Enter, or press ? or * to list all spells.
The spell is quite dangerous to miscast (14% risk of failure)!
Continue anyway?
Aiming: Stone Arrow (quite dangerous; 14% risk of failure)
Press: ? - help, Shift-Dir - straight line, f/p - orc
Aim: an orc, wielding a +0 hand axe and wearing a +0 scale mail (heavily wounded, 72% to hit)
The stone arrow misses the orc.
The orc hits you with a +0 hand axe.
You die...

* * *.. ###.# ***
#...,....# * #≈≈≈≈≈ #.
....... ,....≈#### *
###..,...#.# ####~#≈≈≈
,.... #.##.# #≈_. *
#..##.##.# #≈≈≈
#........#######≈#### ,
####...#.†..>......≈≈≈≈≈
#.....)@.........#####..
#.....o#o.<.####.# ### ,
#.....g....## #.#
#....=.#.### #.# *
#......#.# #.# ,
#........# #.#
.......### *.)# *
#.#..#. , , #o #.* **


You could see 2 orcs and a goblin.

Vanquished Creatures
  An orc priest (D:4)
  A worm (D:2)
  A dart slug (D:1)
  2 orcs
  A ball python (D:3)
  3 bats
  A giant cockroach (D:3)
  3 goblins
  A hobgoblin (D:1)
  A kobold (D:2)
  A rat (D:2)
  A toadstool (D:1)
17 creatures vanquished.

Vanquished Creatures (others)
  3 toadstools (D:1)
3 creatures vanquished.

Grand Total: 20 creatures vanquished

Notes
Turn   | Place    | Note
-------+----------+-------------------------------------------
     0 | D:1      | redmage the Meteoran Earth Elementalist began the quest for
                  | the Orb.
     0 | D:1      | Reached XP level 1. HP: 14/14 MP: 5/5
   105 | D:1      | Reached XP level 2. HP: 20/20 MP: 4/6
   243 | D:3      | Reached XP level 3. HP: 15/26 MP: 6/8
   246 | D:3      | Learned a level 2 spell: Passwall
   250 | D:3      | Learned a level 3 spell: Stone Arrow
   264 | D:3      | Found an opulent altar of Gozag.
   264 | D:3      | Found a white marble altar of Elyvilon.
   283 | D:4      | Found Ohuj's Jewellery Boutique.
   324 | D:4      | Reached skill level 1 in Conjurations
   324 | D:4      | Reached skill level 4 in Earth Magic
   324 | D:4      | Reached XP level 4. HP: 12/33 MP: 3/10
   384 | D:3      | Slain by an orc

Illustrated notes

Levels and vault maps discovered:
D:1:      ldierk_water_garden, layout_basic
D:2:      layout_rooms, chequers_ecumenical_altar_twisty, minmay_lizard_king
D:3:      layout_loops_ring, nicolae_uskayaw_dance_hall,
          nicolae_overflow_two_pavilions, chequers_serial_rivers_large_a,
          kennysheep_nub
D:4:      layout_gridville, serial_shops, nicolae_stop_n_shop_1, serial_rivers,
          chequers_serial_rivers_room_a, chequers_serial_rivers_small_3,
          chequers_serial_rivers_small_a, chequers_serial_rivers_micro_b,
          chequers_serial_rivers_small_a

Skill      XL: |  1  2  3 |
---------------+----------+-----
Spellcasting   | 3 |  3.4
Conjurations   | 1 |  1.4
Earth Magic    | 4 |  4.2
Dodging        | |  2.7
Stealth        | |  1.6
Transmutations | |  1.7

Action                   |  1- 3 |  4- 6 || total
-------------------------+-------+-------++-------
Melee: Unarmed           |     1 |       ||     1
 Cast: Sandblast         |    29 |     4 ||    33
       Stone Arrow       |     1 |     2 ||     3
       Passwall          |     1 |       ||     1
  Use: Potion            |     1 |     1 ||     2
Armor: Robe              |     2 |       ||     2
Dodge: Dodged            |    15 |     5 ||    20
